 Dungeon Crawl Stone Soup version 0.30-b1-2-g02819fbbbe (webtiles) character file.

Game seed: 15227081577550253016

25732 Mesmaeker13 the Thaumaturge (level 12, -5/59 HPs)
             Began as a Deep Elf Conjurer on May 24, 2023.
             Was an Elder of Sif Muna.
             Slain by a seven-headed hydra (6 damage)
             ... on level 4 of the Lair of Beasts.
             The game lasted 00:41:16 (17746 turns).

Mesmaeker13 the Thaumaturge (Deep Elf Conjurer)    Turns: 17746, Time: 00:41:17

Health: -5/59      AC: 10    Str:  6    XL:     12   Next: 92%
Magic:  12/30      EV: 15    Int: 27    God:    Sif Muna [****..]
Gold:   798        SH:  5    Dex: 13    Spells: 19/35 levels left

rFire   + . .        v - +10 scimitar of the Assorted Mice {freeze, rN+}
rCold   . . .        m - +0 buckler
rNeg    + . .        k - +0 steam dragon scales
rPois   +            t - +0 helmet
rElec   .            q - +0 cloak
rCorr   .            K - +1 pair of gloves
SInv    .            y - +0 pair of boots
Will    +....        J - amulet of faith
Stlth   ++           s - ring of poison resistance
HPRegen 0.29/turn    Q - ring of protection from fire
MPRegen 0.22/turn

%: faith
@: no status effects
A: no striking features
a: Renounce Religion, Channel Magic, Forget Spell, Divine Exegesis


You were on level 4 of the Lair of Beasts.
You worshipped Sif Muna.
Sif Muna was greatly pleased with you.
You visited 2 branches of the dungeon, and saw 14 of its levels.

You collected 1120 gold pieces.
You spent 322 gold pieces at shops.

Inventory:

Hand Weapons
 v - the +10 scimitar of the Assorted Mice (weapon) {freeze, rN+}
   (You found it on level 3 of the Dungeon)

   rN:        It protects you from negative energy.
 P - a +5 dagger of holy wrath
Missiles
 G - 2 curare-tipped darts (quivered)
Armour
 k - +0 steam dragon scales (worn)
 m - a +0 buckler (worn)
 q - a +0 cloak (worn)
 t - a +0 helmet (worn)
 y - a +0 pair of boots (worn)
 K - a +1 pair of gloves (worn)
Magical Staves
 n - a staff of fire
 o - a staff of cold
Jewellery
 s - a ring of poison resistance (left hand)
 H - a ring of protection from cold
 J - an amulet of faith (around neck)
 Q - a ring of protection from fire (right hand)
Wands
 x - a wand of paralysis (6)
 I - a wand of iceblast (6)
 N - a wand of digging (5)
Scrolls
 d - 3 scrolls of teleportation
 g - 3 scrolls of enchant armour
 h - a scroll of silence {unknown}
 i - 2 scrolls of vulnerability
 j - a scroll of magic mapping
 B - a scroll of noise {unknown}
 C - 2 scrolls of summoning {unknown}
 D - 3 scrolls of amnesia
 E - 3 scrolls of immolation {unknown}
 F - 6 scrolls of enchant weapon
 L - a scroll of poison {unknown}
 O - a scroll of blinking {unknown}
 R - a scroll of brand weapon {unknown}
 S - a scroll of identify
 T - a scroll of torment {unknown}
Potions
 a - a potion of cancellation {unknown}
 b - 2 potions of magic
 c - a potion of berserk rage {unknown}
 e - 3 potions of flight
 f - 4 potions of heal wounds
 l - 2 potions of lignification {unknown}
 p - 5 potions of attraction
 r - a potion of might {unknown}
 u - a potion of haste
 w - 3 potions of invisibility {unknown}
 z - 10 potions of curing
 A - 2 potions of mutation {unknown}
 M - 3 potions of brilliance {unknown}


   Skills:
 - Level 9.0 Dodging
 - Level 2.4 Stealth
 + Level 5.7 Shields
 + Level 12.2 Spellcasting
 + Level 11.8 Conjurations
 - Level 9.3 Hexes
 + Level 10.7 Fire Magic
 + Level 8.5 Invocations


You had 19 spell levels left.
You knew the following spells:

 Your Spells              Type           Power      Damage    Failure   Level
a - Magic Dart            Conj           100%       1d8       1%          1
b - Cause Fear            Hex            30%        N/A       1%          4
c - Inner Flame           Hex/Fire       63%        N/A       1%          3
d - Fulminant Prism       Conj/Hex       32%        3d15      1%          4
e - Flame Wave            Conj/Fire      67%        2d15      1%          4

Your spell library contained the following spells:

 Spells                   Type           Power      Damage    Failure   Level
 Kiss of Death            Conj/Necr      100%       2d13      1%          1
 Slow                     Hex            100%       N/A       1%          1
 Searing Ray              Conj           100%       2d8       1%          2
 Confusing Touch          Hex            61%        N/A       1%          3
 Dazzling Flash           Conj/Hex       100%       N/A       1%          3
 Stone Arrow              Conj/Erth      96%        3d13      1%          3
 Volatile Blastmotes      Fire/Tloc      90%        2d17      1%          3
 Sticky Flame             Conj/Fire      67%        2d8       1%          4
 Summon Guardian Golem    Hex/Summ       41%        N/A       2%          3
 Iskenderun's Mystic Bla  Conj/Tloc      48%        2d11      4%          4
 Apportation              Tloc           32%        N/A       5%          1
 Necrotise                Necr           64%        1d7       5%          1
 Sandblast                Erth           32%        2d9       5%          1
 Summon Small Mammal      Summ           64%        N/A       5%          1
 Passwall                 Tmut/Erth      13%        N/A       9%          2
 Call Canine Familiar     Summ           16%        N/A       16%         3
 Vampiric Draining        Necr           16%        2d7       16%         3
 Dispel Undead            Necr           16%        3d10      47%         4
 Borgnjor's Vile Clutch   Necr/Erth      8%         N/A       83%         5
 Lee's Rapid Deconstruct  Erth           8%         3d7*      83%         5
 Dragon Form              Tmut           8%         N/A       100%        7
 Dragon's Call            Summ           8%         N/A       100%        9
 Shatter                  Erth           8%         3d10*     100%        9


Dungeon Overview and Level Annotations

Branches:
Dungeon (10/15)            Temple (0/1) D:5            Lair (4/5) D:8
 Shoals (0/4) Lair:2       Spider (0/4) Lair:2          Orc (0/2) D:10
  Slime: Lair:4-5

Altars:
Dithmenos
Fedhas
Kikubaaqudgha
Makhleb
Ru
Sif Muna
Jiyva

Shops:
D:2 [   D:3 (   D:4 *   D:10 *

Annotations:
D:6 1 runed translucent door, ThomasProcell's ghost, novice MiFi
D:10 4 runed translucent doors, Suckerboh's ghost, journeyman MiFi


Message History

You block the seven-headed hydra's attack.
The seven-headed hydra bites you but does no damage.
You block the seven-headed hydra's attack.
The seven-headed hydra closely misses you.
The seven-headed hydra misses you.
Casting: Flame Wave (dangerous; 1% risk of failure)
Confirm with . or Enter, or press ? or * to list all spells.
Okay, then.
Unknown command.
Casting: Flame Wave (dangerous; 1% risk of failure)
Confirm with . or Enter, or press ? or * to list all spells.
Aiming: Fulminant Prism (dangerous; 1% risk of failure)
Press: ? - help, Dir - move target You conjure a prism of explosive energy!
A fulminant prism comes into view.
The seven-headed hydra bites you.
The seven-headed hydra bites you but does no damage.
The seven-headed hydra closely misses you.
You block the seven-headed hydra's attack. x2
The seven-headed hydra bites you but does no damage.
The seven-headed hydra bites you!
Casting: Fulminant Prism (dangerous; 1% risk of failure)
Confirm with . or Enter, or press ? or * to list all spells.
Casting: Flame Wave (dangerous; 1% risk of failure)
Press: ? - help, Dir - look around, f - activate A wave of flame ripples out!
The flame wave engulfs the seven-headed hydra!
The seven-headed hydra is almost dead. (Press . to intensify the flame waves.)
The seven-headed hydra closely misses you.
The seven-headed hydra bites you!
* * * LOW HITPOINT WARNING * * *
The seven-headed hydra barely misses you.
The seven-headed hydra bites you.
* * * LOW HITPOINT WARNING * * *
The seven-headed hydra bites you!
* * * LOW HITPOINT WARNING * * *
The seven-headed hydra bites you but does no damage.
The seven-headed hydra bites you.
You die...

##...## ##.. .## #....#
#...####..# ##...##### #
.^#..)... ##...#.##.#
.#. .........#.#........
#...#.....#..######.....
#.....§.§..#...#§⌠§#....
#.............#.§§§§.##.
#.!.@D.*# +..<†§####
#...†§..# #.§§§.#
#...#.⌠.§.## #.§⌠.## ##.
#.?...# ##.##§ .......
#. ## ......##. ##
...#...# .# ###...... #


You could see a seven-headed hydra (ally target) and a friendly fulminant prism.

Vanquished Creatures
  Josephine (Lair:3)
  4 two-headed ogres
  A boulder beetle (Lair:3)
  Nergalle (D:10)
  A black mamba (Lair:1)
  6 cane toads
  A rime drake (Lair:1)
  Maggie (D:10)
  A torpor snail (Lair:2)
  A kobold demonologist (D:9)
  16 komodo dragons
  4 polar bears
  5 blink frogs (Lair:1)
  A shadow (D:10)
  6 wyverns
  A basilisk (Lair:3)
  36 yaks
  3 wraiths
  Grum (D:9)
  2 steam dragons (D:8)
  A redback (Lair:2)
  An acid dragon (D:10)
  10 water moccasins
  2 ice beasts (D:6)
  2 orc warriors
  2 black bears
  2 sky beasts
  3 phantoms
  3 wolves (D:9)
  7 centaurs
  A kobold brigand (D:9)
  8 bullfrogs
  2 scorpions
  12 killer bees
  A howler monkey (D:8)
  An electric eel (Lair:1)
  2 hounds (D:5)
  4 jellies
  2 gnoll boudas
  3 orc priests
  Jessica (D:3)
  16 iguanas
  4 sleepcaps
  Ijyb (D:3)
  Natasha (thrice) (D:3)
  6 orc wizards
  Robin (D:3)
  9 gnolls
  8 adders
  A white imp (D:7)
  An ufetubus (D:5)
  A dart slug (D:1)
  20 orcs
  9 endoplasms
  3 giant cockroaches
  11 hobgoblins
  5 jackals (D:4)
  5 quokkas
  4 ball pythons
  6 bats (D:1)
  16 frilled lizards
  15 goblins
  12 kobolds
  3 rats
323 creatures vanquished.

Vanquished Creatures (others)
  86 fulminant prisms
  30 fungi
  42 plants
158 creatures vanquished.

Grand Total: 481 creatures vanquished

Notes
Turn   | Place    | Note
-------+----------+-------------------------------------------
     0 | D:1      | Mesmaeker13 the Deep Elf Conjurer began the quest for the
                  | Orb.
     0 | D:1      | Reached XP level 1. HP: 10/10 MP: 6/6
   130 | D:1      | Reached XP level 2. HP: 15/15 MP: 2/8
   133 | D:1      | Learned a level 2 spell: Searing Ray
   586 | D:1      | Reached XP level 3. HP: 19/19 MP: 5/10
   998 | D:2      | Reached skill level 4 in Spellcasting
  1049 | D:2      | Found Yraar's Antique Armour Shop.
  1097 | D:2      | Learned a level 3 spell: Inner Flame
  1191 | D:2      | Reached skill level 5 in Conjurations
  1946 | D:3      | Reached XP level 4. HP: 24/24 MP: 7/12
  1987 | D:3      | Found Oweefoqi's Antique Weapon Emporium.
  2050 | D:3      | Reached skill level 1 in Hexes
  2052 | D:3      | Noticed Robin
  2072 | D:3      | Killed Robin
  2254 | D:3      | Identified the +10 scimitar of the Assorted Mice {freeze,
                  | rN+}
  2397 | D:3      | Reached skill level 1 in Fire Magic
  2402 | D:3      | Reached XP level 5. HP: 24/28 MP: 2/13
  2565 | D:3      | Noticed Ijyb
  2572 | D:3      | Killed Ijyb
  2768 | D:3      | Noticed Natasha
  2776 | D:3      | Killed Natasha
  2892 | D:3      | Noticed Natasha
  2896 | D:3      | Killed Natasha
  2929 | D:3      | Noticed Natasha
  2936 | D:3      | Killed Natasha
  3159 | D:3      | Noticed Jessica
  3162 | D:3      | Killed Jessica
  3163 | D:3      | Reached XP level 6. HP: 32/32 MP: 10/14
  3195 | D:3      | Found a shimmering blue altar of Sif Muna.
  3346 | D:3      | Became a worshipper of Sif Muna the Loreminder
  3971 | D:4      | Reached skill level 5 in Dodging
  4014 | D:4      | Noticed a sky beast
  4025 | D:4      | Killed a sky beast
  4026 | D:4      | Reached XP level 7. HP: 36/36 MP: 9/15
  4269 | D:4      | Found Bioto's Assorted Antiques.
  4346 | D:4      | Bought a scroll labelled DIEGOK APNAEF for 22 gold pieces
  4821 | D:5      | Entered Level 5 of the Dungeon
  4953 | D:5      | Reached * piety under Sif Muna
  5041 | D:5      | Found a staircase to the Ecumenical Temple.
  5318 | D:5      | Reached skill level 5 in Hexes
  5657 | D:5      | Got the Papyrus of the Quarry and Incandescence
  5742 | D:5      | Reached XP level 8. HP: 41/41 MP: 11/16
  6081 | D:5      | Learned a level 4 spell: Fulminant Prism
  6083 | D:6      | Found a runed translucent door.
  6083 | D:6      | Noticed ThomasProcell's ghost (novice MiFi)
  6411 | D:6      | Found a blossoming altar of Fedhas.
  6636 | D:6      | Reached skill level 5 in Spellcasting
  6636 | D:6      | Reached skill level 5 in Fire Magic
  6886 | D:6      | Noticed a two-headed ogre
  6902 | D:6      | Killed a two-headed ogre
  6903 | D:6      | Reached skill level 6 in Spellcasting
  6903 | D:6      | Reached XP level 9. HP: 45/45 MP: 12/20
  7944 | D:7      | Reached ** piety under Sif Muna
  8280 | D:8      | Found a shadowy altar of Dithmenos.
  8322 | D:8      | Noticed a two-headed ogre
  8334 | D:8      | Reached skill level 7 in Spellcasting
  8336 | D:8      | Killed a two-headed ogre
  8337 | D:8      | Reached skill level 1 in Invocations
  8492 | D:8      | Reached XP level 10. HP: 28/50 MP: 10/23
  8977 | D:8      | Reached skill level 8 in Spellcasting
  9176 | D:8      | Found a staircase to the Lair.
  9615 | D:8      | Reached skill level 1 in Shields
  9766 | D:9      | Reached *** piety under Sif Muna
  9888 | D:9      | Reached skill level 9 in Spellcasting
 10030 | D:9      | Found a transporter.
 10032 | D:9      | Found a transporter.
 10082 | D:9      | Noticed a two-headed ogre
 10101 | D:9      | Killed a two-headed ogre
 10102 | D:9      | Reached XP level 11. HP: 54/54 MP: 11/26
 10299 | D:9      | Found a transporter.
 10300 | D:9      | Found a transporter.
 10511 | D:9      | Noticed Grum
 10519 | D:9      | Killed Grum
 10527 | D:9      | Reached skill level 5 in Invocations
 10535 | D:9      | Reached skill level 10 in Conjurations
 10693 | D:9      | Found a transporter.
 10697 | D:9      | Found a transporter.
 10783 | D:9      | Noticed a two-headed ogre
 10804 | D:9      | Killed a two-headed ogre
 11334 | D:10     | Entered Level 10 of the Dungeon
 11339 | D:10     | Found a runed translucent gate.
 11339 | D:10     | Found a runed translucent gate.
 11339 | D:10     | Found a runed translucent gate.
 11347 | D:10     | Noticed Suckerboh's ghost (journeyman MiFi)
 11347 | D:10     | Noticed a great orb of eyes
 11350 | D:10     | Found a viscous altar of Jiyva.
 11399 | D:10     | Found a staircase to the Orcish Mines.
 11407 | D:10     | Learned a level 4 spell: Flame Wave
 11454 | D:10     | Noticed Nergalle
 11465 | D:10     | Killed Nergalle
 11466 | D:10     | Reached skill level 10 in Spellcasting
 11556 | D:10     | Found Acwodout's General Store.
 11711 | D:10     | Found a sacrificial altar of Ru.
 11740 | D:10     | Noticed Maggie
 11780 | D:10     | Bought a ring of protection from fire for 300 gold pieces
 11828 | D:10     | Killed Maggie
 12158 | D:10     | Found a burning altar of Makhleb.
 12315 | D:10     | Noticed a two-headed ogre
 12319 | D:10     | Found a runed translucent door.
 12655 | Lair:1   | Entered Level 1 of the Lair of Beasts
 12668 | Lair:1   | Reached **** piety under Sif Muna
 13072 | Lair:1   | Reached XP level 12. HP: 59/59 MP: 16/28
 13475 | Lair:1   | Reached skill level 11 in Spellcasting
 14666 | Lair:1   | Learned a level 4 spell: Cause Fear
 14958 | Lair:1   | Reached skill level 10 in Fire Magic
 15019 | Lair:2   | Reached skill level 5 in Shields
 15107 | Lair:2   | Found a staircase to the Shoals.
 15176 | Lair:2   | Found a hole to the Spider Nest.
 16386 | Lair:3   | Noticed a boulder beetle
 16539 | Lair:3   | Noticed Josephine
 16549 | Lair:3   | Killed Josephine
 16555 | Lair:3   | Reached skill level 12 in Spellcasting
 16566 | Lair:3   | Killed a boulder beetle
 17125 | Lair:3   | Found an ancient bone altar of Kikubaaqudgha.
 17615 | Lair:4   | Noticed a catoblepas
 17641 | Lair:4   | Noticed a seven-headed hydra
 17746 | Lair:4   | HP: 1/59 [seven-headed hydra (11)]
 17746 | Lair:4   | Slain by a seven-headed hydra

Illustrated notes

Levels and vault maps discovered:
D:1:      dpeg_arrival_tiny_a, layout_basic, chequers_serial_rivers_small_3,
          minmay_hedge_maze, serial_bayou_pond_c
D:2:      layout_basic, serial_shops, nicolae_shop_advertising_works
          [nicolae_subvault_shop_adworks], minivault_19
D:3:      layout_loops_ring, tgw_sif, serial_shops, shop,
          minmay_misc_feat_alley, minmay_distorted, uniq_natasha, uniq_ijyb,
          uniq_robin
D:4:      layout_gridville, serial_shops, shop, minmay_ruptured
D:5:      layout_rooms, minmay_temple_entry_waves, serial_curves,
          eino_curves_01, eino_curves_04
D:6:      layout_basic, fedhas_altar_2, hellmonk_ghost_happy_afterlife,
          kennysheep_generic_room_11
D:7:      layout_rooms, nicolae_overflow_hidden_temple
D:8:      layout_basic, nicolae_dithmenos_shadow_blocks, minmay_lair_entry_grove
D:9:      layout_stronghold, serial_nicolae_subway, nicolae_sub_station_stone,
          nicolae_sub_station_metal, nicolae_sub_station_crystal, uniq_grum
D:10:     layout_grid_maze, mainiacjoe_overflow_concentric_impassable,
          nicolae_ru_awakened_eye, gammafunk_ghost_ooze, serial_shops,
          nicolae_shop_tiny_waterfront, minmay_st_funbox, uniq_nergalle,
          uniq_maggie
Lair:1:   lemuel_reptile_caves, layout_regular_city, serial_bayou_ford_a
Lair:2:   layout_chaotic_city, shoals_dummy_entry, spider_nest_entry_webs,
          minivault_27
Lair:3:   layout_regular_city, basic_altar, grunt_megastairs_3, uniq_josephine
Lair:4:   layout_concentric_octagons, nicolae_slime_entry_field_trip,
          grunt_megastairs_2

Skill      XL: |  1  2  3  4  5  6  7  8  9 10 11 12 |
---------------+-------------------------------------+-----
Dodging        | 3 4 5 6 7 8 9 |  9.0
Spellcasting   | 4 6 7 9 10 12 | 12.2
Conjurations   | 5 6 7 8 9 10 11 | 11.8
Hexes          | 2 3 4 5 7 8 9 |  9.3
Fire Magic     | 1 2 3 4 5 6 8 9 10 | 10.7
Invocations    | 2 4 6 8 |  8.5
Shields        | 2 4 5 |  5.7
Stealth        | |  2.4

Action                     |  1- 3 |  4- 6 |  7- 9 | 10-12 || total
---------------------------+-------+-------+-------+-------++-------
  Melee: Unarmed           |    11 |       |       |    17 ||    28
         Punch             |     1 |       |       |     1 ||     2
         Scimitar          |       |    10 |    15 |    94 ||   119
         Bite              |       |       |       |     5 ||     5
         Tailslap          |       |       |       |     4 ||     4
  Throw: Dart              |       |       |     2 |       ||     2
   Cast: Magic Dart        |    75 |    57 |    88 |   130 ||   350
         Searing Ray       |     2 |    12 |    50 |    40 ||   104
         Inner Flame       |       |     1 |     1 |     3 ||     5
         Fulminant Prism   |       |       |     4 |    83 ||    87
         Flame Wave        |       |       |       |    33 ||    33
         Cause Fear        |       |       |       |     1 ||     1
         Dragon Form       |       |       |       |     1 ||     1
 Invoke: Divine Exegesis   |       |       |       |     1 ||     1
Ability: Breathe Fire      |       |       |       |     1 ||     1
  Evoke: Wand              |       |       |     4 |     2 ||     6
    Use: Scroll            |     1 |     1 |     7 |     7 ||    16
         Potion            |       |       |       |     7 ||     7
   Stab: Paralysed         |       |       |     2 |       ||     2
 Armour: Robe              |     1 |     6 |    20 |     7 ||    34
         Steam dragon scal |       |       |       |    78 ||    78
         Skin              |       |       |       |     6 ||     6
  Dodge: Dodged            |    10 |    20 |    55 |   191 ||   276
  Block: Buckler           |       |       |       |    42 ||    42
